Map: Dusk Towers

Players

FeelGood - Winner!

  • Race: Zerg Zerg
  • League: Platinum

LilDicky

  • Race: Terran Terran
  • League: Diamond

VOD

http://www.twitch.tv/tumescentpie

Description

Time

  • Played on: Dec. 2, 2015, 10:54 p.m.
  • Length: 19:47
Show
View Real Time Build Order
Export as new Build Order

FeelGood Zerg - Winner!

Build Orders: Hatch First, Lurkers 

Get SALT Encoding   

  12  0:01  Drone  
  13  0:12  Overlord  
  13  0:17  Drone  
  14  0:31  Drone x2  
  16  0:51  Hatchery  
  16  0:52  Drone  
  16  1:08  Spawning Pool  
  16  1:10  Drone  
  16  1:14  Drone  
  17  1:19  Extractor  
  17  1:20  Drone  
  17  1:24  Drone  
  18  1:38  Drone  
  19  1:45  Drone  
  20  1:56  Queen  
  22  2:03  Queen  
  24  2:08  Drone x2  
  24  2:09  Drone  
  24  2:13  Drone  
  28  2:20  Roach Warren  
  28  2:21  Drone  
  28  2:24  Overlord  
  28  2:46  Drone x3  
  28  2:47  Drone  
  28  2:50  Extractor  
  31  2:58  Drone x3  
  35  3:04  Overlord x3  
  35  3:13  Drone  
  36  3:25  Roach  
  36  3:26  Roach x4  
  46  3:36  Roach  
  46  3:37  Roach  
  46  3:38  Roach x3  
  56  3:43  Roach x2  
  60  3:51  Overlord  
  60  4:03  Overlord  
  60  4:14  Hatchery  
  59  4:20  Overlord x2  
  59  4:23  Lair  
  59  4:24  Drone x2  
  59  4:25  Drone, Overlord x2  
  59  4:26  Drone x2  
  64  4:34  Drone x3  
  67  4:41  Drone  
  67  4:42  Drone  
  67  4:45  Extractor  
  66  4:47  Extractor  
  66  4:50  Drone  
  64  4:58  Drone x3  
  64  4:59  Evolution Chamber, Extractor  
  65  5:02  Evolution Chamber  
  54  5:13  Spore Crawler  
  53  5:15  Spore Crawler  
  53  5:17  Drone x5  
  57  5:26  Hydralisk Den  
  57  5:35  Drone x2  
  57  5:36  Drone  
  57  5:38  Queen  
  61  5:54  Zerg Missile Weapons Level 1, Lurker Den  
  61  5:57  Zerg Ground Armor Level 1  
  61  6:00  Drone  
  61  6:01  Drone x10  
  72  6:07  Drone  
  73  6:18  Spore Crawler  
  72  6:28  Spore Crawler  
  68  6:53  Drone x4  
  72  7:01  Extractor  
  71  7:09  Hydralisk x4  
  71  7:10  Drone x3  
  71  7:11  Drone  
  71  7:13  Extractor  
  82  7:20  Drone x2  
  82  7:21  Drone x3  
  87  7:24  Drone x2  
  89  7:31  Overlord x5  
  89  7:39  Muscular Augments  
  89  7:40  Glial Reconstitution  
  89  7:49  Hydralisk  
  89  7:50  Hydralisk x7  
  105  7:56  Hydralisk x3  
  107  8:06  Drone  
  107  8:10  Drone x3  
  111  8:26  Lurker x8  
  120  8:27  Lurker  
  120  8:30  Hatchery  
  119  8:40  Drone x2  
  119  8:41  Drone  
  122  8:45  Roach x8, Extractor  
  122  8:46  Overlord  
  122  8:47  Overlord x3  
  137  8:49  Extractor  
  137  8:54  Roach  
  138  8:56  Overlord  
  138  8:57  Overlord  
  138  9:00  Zerg Missile Weapons Level 2  
  138  9:01  Zerg Ground Armor Level 2  
  138  9:20  Spire  
  137  9:34  Hydralisk  
  137  9:35  Drone, Hydralisk x6  
  152  9:40  Ravager  
  152  9:45  Drone x4  
  154  9:46  Drone x5, Queen  
  164  10:08  Overseer  
  164  10:09  Overseer  
  164  10:12  Hydralisk x3  
  164  10:13  Hydralisk x6  
  182  10:14  Overlord x2  
  182  10:32  Hydralisk x3  
  188  10:41  Hatchery  
  183  10:54  Hydralisk x3  
  183  10:55  Roach x4  
  183  11:15  Queen  
  183  11:17  Corruptor x7  
  199  11:29  Overseer  
  169  11:48  Hydralisk x4  
  169  11:49  Hydralisk x3, Roach x6  
  169  11:50  Roach  
  188  11:59  Hydralisk x2  
  168  12:20  Hydralisk  
  168  12:21  Hydralisk x9  
  178  12:31  Infestation Pit  
  178  12:34  Queen  
  179  13:02  Spire  
  178  13:06  Extractor  
  178  13:07  Extractor  
  176  13:23  Hive  
  176  13:57  Hatchery  
  176  14:00  Corruptor x6  
  176  14:01  Corruptor  
  189  14:14  Pneumatized Carapace  
  189  14:35  Zerg Flyer Weapons Level 1, Greater Spire  
  161  15:55  Brood Lord x2  
  165  15:58  Overlord x6  
  141  16:36  Brood Lord  
  141  16:37  Corruptor, Brood Lord x11  
  141  16:38  Corruptor x16  
  199  16:45  Extractor  
  199  16:46  Extractor  
  197  16:54  Hatchery  
  196  17:03  Spine Crawler  
  196  17:04  Spine Crawler  
  138  17:53  Corruptor x4  
  138  17:54  Corruptor x3  
  138  17:55  Mutalisk x3  
  138  17:56  Mutalisk x2  
  160  18:16  Spore Crawler  
  159  18:20  Spore Crawler  
  148  18:56  Drone  
  148  18:57  Drone x2  
Show
View Real Time Build Order
Export as new Build Order

LilDicky Terran 

Build Orders: Liberator Opening, Bio Tank 

Get SALT Encoding   

  12  0:01  SCV  
  13  0:14  SCV  
  14  0:18  Supply Depot  
  14  0:26  SCV  
  15  0:34  Refinery  
  15  0:40  SCV  
  16  0:44  Barracks  
  16  0:52  SCV  
  17  1:04  SCV  
  18  1:16  SCV  
  21  1:34  Reaper  
  21  1:36  Orbital Command  
  20  1:43  Command Center  
  20  1:56  Factory  
  20  2:01  Refinery  
  20  2:07  Supply Depot  
  20  2:13  Barracks Tech Lab  
  20  2:15  SCV  
  21  2:27  SCV  
  22  2:45  Marine  
  22  2:49  Siege Tank  
  26  2:58  SCV  
  27  3:00  Orbital Command  
  27  3:03  Barracks Reactor  
  27  3:08  Starport  
  27  3:10  SCV  
  28  3:13  Refinery  
  28  3:22  SCV  
  29  3:31  Siege Tank  
  32  3:39  Liberator  
  32  3:41  Marine x2  
  34  3:57  SCV  
  38  4:06  Command Center  
  37  4:13  Siege Tank  
  37  4:16  Marine x2  
  42  4:21  SCV  
  43  4:29  SCV  
  44  4:34  Marine x2  
  44  4:36  Refinery  
  46  4:40  Supply Depot  
  46  5:02  SCV, Siege Tank  
  46  5:06  Liberator x2  
  50  5:13  SCV  
  57  5:32  SCV x2  
  59  5:36  Barracks Tech Lab  
  59  5:39  Command Center  
  59  5:41  Engineering Bay  
  59  5:42  Engineering Bay  
  59  5:43  Barracks  
  59  5:44  Barracks  
  59  5:53  Orbital Command  
  59  5:56  SCV  
  60  6:02  SCV  
  61  6:07  Marine  
  61  6:11  Stimpack  
  62  6:25  Marine  
  63  6:27  Liberator  
  63  6:31  Siege Tank  
  66  6:33  Marine  
  66  6:34  Barracks Tech Lab  
  67  6:42  SCV x2, Supply Depot  
  67  6:46  SCV  
  73  6:54  SCV  
  74  7:19  Liberator x2  
  74  7:20  SCV  
  75  7:25  SCV x2, Supply Depot  
  75  7:26  Terran Infantry Weapons Level 1, Terran Infantry Armor Level 1  
  75  7:27  Combat Shields, Marine  
  75  7:28  Barracks Reactor  
  78  7:31  Marine  
  78  7:32  Armory  
  78  7:35  Barracks  
  78  7:36  Barracks  
  85  7:37  Barracks  
  85  7:45  Marine  
  85  7:49  Marine  
  87  7:53  SCV  
  87  7:54  Supply Depot, SCV  
  89  8:03  Marine  
  87  8:05  Siege Tank  
  87  8:07  Marine  
  87  8:11  SCV x2, Orbital Command  
  93  8:13  SCV  
  94  8:20  Marine  
  94  8:21  Marine x2  
  94  8:23  SCV x2  
  94  8:25  Marine  
  94  8:26  Barracks Tech Lab  
  94  8:27  Barracks Tech Lab  
  101  8:28  Barracks Reactor, Concussive Shells  
  101  8:31  Medivac  
  101  8:34  Medivac  
  104  8:37  Missile Turret  
  104  8:38  Marine x2  
  104  8:39  Marine  
  107  8:41  Missile Turret  
  107  8:42  Terran Vehicle And Ship Armor Level 1, Marine  
  107  8:47  Sensor Tower  
  108  8:50  SCV x3  
  108  8:51  Sensor Tower  
  108  8:53  Marine  
  108  8:54  Refinery x2, Marine  
  113  9:05  SCV  
  113  9:08  Marine  
  115  9:17  SCV  
  115  9:23  Marauder  
  114  9:29  SCV  
  109  9:41  SCV  
  109  9:44  Liberator x2  
  110  9:53  Siege Tank  
  110  9:54  SCV  
  114  10:00  Starport  
  114  10:01  Supply Depot x2  
  114  10:04  Supply Depot  
  114  10:06  SCV, Marine x3  
  124  10:12  Marine x5  
  129  10:14  SCV x3  
  129  10:18  SCV  
  129  10:20  Refinery  
  133  10:21  Refinery  
  133  10:24  Marine x3  
  133  10:25  Siege Tank, Barracks  
  133  10:26  SCV  
  133  10:27  Barracks  
  140  10:28  Barracks  
  140  10:30  SCV, Missile Turret, Marine x3  
  140  10:31  Marine x2  
  140  10:35  Missile Turret  
  146  10:38  Sensor Tower  
  144  10:48  Marauder x2  
  135  11:02  Marine x3  
  135  11:03  Marauder x2, Marine  
  135  11:04  Terran Infantry Weapons Level 2, Terran Infantry Armor Level 2  
  138  11:05  Terran Vehicle And Ship Armor Level 2  
  138  11:09  Marauder x2  
  138  11:10  Starport Tech Lab  
  142  11:13  Starport  
  142  11:18  SCV  
  143  11:20  Starport, Marine x4  
  143  11:24  Marine  
  143  11:25  Marauder  
  150  11:31  Marauder x2  
  154  11:37  Marine  
  154  11:38  Marine x3  
  158  11:42  Marauder  
  140  11:56  Raven  
  129  12:19  Medivac x2  
  131  12:24  Starport Tech Lab  
  131  12:25  Starport Tech Lab  
  131  12:30  Supply Depot  
  128  12:45  Banshee x3  
  128  12:48  Cloaking Field  
  128  12:51  Fusion Core  
  135  12:54  Marine  
  135  12:55  Marine x7  
  135  12:57  Medivac x2  
  147  13:12  Marine x3  
  148  13:13  Marauder x4  
  148  13:14  Command Center, Marine  
  159  13:21  SCV  
  160  13:27  Medivac x2  
  160  13:28  Medivac  
  160  13:30  Marine x2  
  160  13:33  SCV, Marine  
  167  13:34  Marine x5  
  167  13:38  Refinery  
  167  13:41  Refinery  
  172  13:43  Sensor Tower  
  172  13:45  SCV  
  172  13:46  Supply Depot  
  172  13:48  Marine x2  
  174  13:50  Advanced Ballistics, Hyperflight Rotors  
  174  13:52  Marauder x2, Marine  
  174  13:54  Infernal Pre-Igniter  
  180  14:07  SCV, Siege Tank, Marine x4  
  188  14:23  Marauder  
  187  14:26  Marauder x3  
  187  14:28  Marine  
  187  14:29  Marine x3  
  191  14:44  Marauder  
  193  14:47  Marauder x2  
  177  14:54  Marine  
  177  14:55  Marine  
  177  14:56  Marauder  
  171  15:06  Marauder  
  167  15:09  Marine  
  167  15:10  Marine x3  
  167  15:12  Marine  
  167  15:13  Marine  
  159  15:16  Marine  
  159  15:27  Marine  
  159  15:28  Marauder  
  162  15:33  Marine x2  
  162  15:34  Marauder  
  160  15:48  Siege Tank, Medivac  
  160  15:49  Banshee x3, Medivac  
  176  15:50  Marine x5  
  176  15:51  Planetary Fortress, Marine x2  
  176  15:55  Marine  
  184  16:08  Marine x3  
  184  16:09  Marauder  
  153  16:26  Marine x2  
  153  16:27  Marine x2  
  153  16:28  Terran Vehicle And Ship Armor Level 3, Terran Infantry Weapons Level 3, Terran Infantry Armor Level 3  
  153  16:30  Behemoth Reactor  
  153  16:34  Marine x4  
  157  16:40  Liberator  
  157  16:41  Liberator  
  157  16:44  SCV, Marine x4  
  162  16:48  Barracks  
  162  16:50  Barracks Reactor x3, Barracks  
  162  16:51  Barracks  
  162  16:52  Command Center, Marauder, Marine x2  
  162  16:53  Marauder  
  168  16:59  Banshee x3  
  183  17:02  Marine x4  
  187  17:11  Marauder x2  
  187  17:14  Marauder x2  
  189  17:19  Marine  
  187  17:22  Marine  
  187  17:23  Marine  
  186  17:32  Marauder x2  
  186  17:35  Marauder  
  186  17:36  Marauder  
  187  17:40  Viking  
  187  17:41  Viking  
  187  17:42  Viking x3  
  94  18:01  Marine x2  
  94  18:02  Marine x2  
  86  18:06  Marine x2  
  86  18:08  Marine x6  
  86  18:09  Marine  
  86  18:10  Viking  
  86  18:12  Banshee x2, Marine x2  
  103  18:13  Battlecruiser  
  103  18:15  Marine x2  
  103  18:19  Marine x4  
  100  18:24  Viking  
  100  18:25  Marine x3  
  100  18:26  Marine x4  
  101  18:36  Marine x2  
  85  18:53  Marine x4  
  85  18:55  Viking  
  75  19:09  Marine  
  69  19:10  Marine x4  
  69  19:11  Viking  
  61  19:26  Marine x2  
Tags
 
Add a new tag
Caveats
  • Supply blocks, unpowered buildings, or Contaminate may cause inaccurate times.
  • Supply counts are checked every 10 seconds.